 Dungeon Crawl Stone Soup version 0.25-a0-253-g6f1b5d974a (webtiles) character file.

Game seed: 9225427433484159381, levelgen mode: deterministic

14539 MisterFreud the Blocker (level 12, -8/96 HPs)
             Began as a Gnoll Fighter on Dec 5, 2019.
             Was a High Priest of Ashenzari.
             Mangled by a phantasmal warrior (16 damage)
             ... on level 11 of the Dungeon.
             The game lasted 00:29:17 (14246 turns).

MisterFreud the Blocker (Gnoll Fighter)            Turns: 14246, Time: 00:29:18

Health: -8/96      AC: 10    Str: 18    XL:     12   Next: 17%
Magic:  0/22       EV: 13    Int: 17    God:    Ashenzari [*****.]
Gold:   231        SH: 13    Dex: 14    Spells: 24/24 levels left

rFire    . . .     SeeInvis +   a - +0 long sword (curse)
rCold    . . .     Gourm    .   c - +1 shield (curse)
rNeg     . . .     Faith    +   b - +0 scale mail
rPois    .         Spirit   +   w - +0 helmet (curse)
rElec    .         Reflect  .   t - scarf {Spirit}
rCorr    .         Harm     .   (no gloves)
MR       .....     Clarity  +   (no boots)
Stlth    ++........             j - amulet of faith
HPRegen  0.26/turn              (no ring)
MPRegen  0.18/turn              (no ring)

@: vulnerable
A: distributed training, fangs 1, strong nose
a: Curse Item, Scrying, Renounce Religion


You were on level 11 of the Dungeon.
You worshipped Ashenzari.
Ashenzari was extremely pleased with you.
You were hungry.

You visited 1 branch of the dungeon, and saw 12 of its levels.

You collected 484 gold pieces.
You spent 253 gold pieces at shops.

Inventory:

Hand Weapons
 a - a cursed +0 long sword (weapon)
 x - a +2 hunting sling of freezing
 z - the +1 scimitar of Impermanence {drain, rN++ Dex+4}
   (You found it on level 10 of the Dungeon)

   A truly terrible weapon, it drains the life of those it strikes.
   It affects your dexterity (+4).
   It greatly protects you from negative energy.
Missiles
 e - 18 sling bullets
 i - 431 stones (quivered)
 p - 98 bolts
 C - a throwing net
 D - 247 arrows
 M - 7 poisoned darts
Armour
 b - a +0 scale mail (worn)
 c - a cursed +1 shield (worn)
 t - a scarf of spirit shield (worn)
 w - a cursed +0 helmet (worn)
 y - a +2 hat
 A - a cursed +0 leather armour
Jewellery
 j - an amulet of faith (around neck)
 B - an uncursed amulet of regeneration
Wands
 s - a wand of flame (10)
 E - a wand of random effects (10)
 G - a wand of polymorph (7)
 O - a wand of clouds (5)
Scrolls
 g - 4 scrolls of remove curse
 l - 4 scrolls of teleportation
 m - 3 scrolls of fear
 o - 2 scrolls of amnesia
 K - a scroll of enchant armour
 L - a scroll of magic mapping
Potions
 d - 4 potions of might
 h - a potion of ambrosia {unknown}
 k - 2 potions of mutation
 n - 4 potions of curing
 q - 4 potions of heal wounds
 r - 3 potions of lignification {unknown}
 u - 8 potions of haste
 v - 3 potions of brilliance {unknown}
 F - a potion of flight {unknown}
 H - a potion of agility {unknown}
 I - a potion of magic {unknown}
 J - a potion of cancellation {unknown}
Comestibles
 f - 18 rations


   Skills:
 + Level 9.6 Fighting
 + Level 6.9 Short Blades
 + Level 8.4(12.3) Long Blades
 + Level 6.9 Axes
 + Level 6.9 Maces & Flails
 + Level 6.9 Polearms
 + Level 6.9 Staves
 + Level 6.9 Slings
 + Level 6.9 Bows
 + Level 6.9 Crossbows
 + Level 6.9 Throwing
 + Level 9.6 Armour
 + Level 6.9 Dodging
 + Level 6.9 Stealth
 + Level 9.6(12.1) Shields
 + Level 6.9 Unarmed Combat
 + Level 6.9 Spellcasting
 + Level 5.7 Conjurations
 + Level 5.7 Hexes
 + Level 5.7 Charms
 + Level 5.7 Summonings
 + Level 5.7 Necromancy
 + Level 5.7 Translocations
 + Level 5.7 Transmutations
 + Level 5.7 Fire Magic
 + Level 5.7 Ice Magic
 + Level 5.7 Air Magic
 + Level 5.7 Earth Magic
 + Level 5.7 Poison Magic
 + Level 7.6 Invocations
 + Level 6.9 Evocations


You had 24 spell levels left.
You didn't know any spells.
Your spell library contained the following spells:

 Spells                   Type           Power        Failure   Level  Hunger
 Confusing Touch          Hex            ####..       4%          1    None
 Corona                   Hex            ####...      4%          1    None
 Ensorcelled Hibernation  Hex/Ice        ####..       6%          2    None
 Confuse                  Hex            ####....     13%         3    ##.....
 Dazzling Flash           Conj/Hex       ####..       13%         3    ##.....
 Gell's Gravitas          Tloc           ####......   13%         3    ##.....
 Tukima's Dance           Hex            ####....     13%         3    ##.....
 Petrify                  Tmut/Erth      ####....     38%         4    ####...
 Metabolic Englaciation   Hex/Ice        ####......   75%         5    #####..
 Yara's Violent Unravell  Hex/Tmut       ####......   75%         5    #####..


Dungeon Overview and Level Annotations

Branches:
Dungeon (12/15)            Temple (0/1) D:7            Lair (0/6) D:11
    Orc: D:9-12

Altars:
Ashenzari
Gozag
Kikubaaqudgha
Okawaru
Ru
Trog
Uskayaw
Wu Jian
Yredelemnul
Zin

Shops:
D:5 [   D:10 *(=}

Annotations:
D:5 1 runed translucent door, wvc's ghost, novice DrTm


Innate Abilities, Weirdness & Mutations

Your experience applies equally to all skills.
You have very sharp teeth.
Your uncanny sense of smell can sniff out nearby items.


Message History

a +0 dagger; a +0 robe; a bolt; an orc corpse
Items here: ( )) [ รท a +0 halberd; a +0 chain mail; a +0 arbalest; 24 bolts; a yaktaur skeleton The phantasmal warrior blinks!
The phantasmal warrior misses you.
You slash the phantasmal warrior!
The phantasmal warrior is severely damaged.
The rakshasa gestures at you. The lance of force hits you!
You are knocked back by the lance of force.
You slam into the rock wall!
* * * LOW HITPOINT WARNING * * *
The phantasmal warrior hits you!!
* * * LOW HITPOINT WARNING * * *
Unknown command.
You hit the phantasmal warrior but do no damage.
Your bite misses the phantasmal warrior.
The phantasmal warrior is severely damaged.
The phantasmal warrior hits you!!
You die...

, ...............##########*
,.............).########### *
,..................ho.....# *
........(................# *
*#########)##########{....#
#R# #oo.### ##########.#
#...#
...........##########..o###
*,..........@W.............>.
############..#############
#..# #..# #..#
#..############# * *
#####........<...... *,
,,..................... , ,,
.....................


You could see a rakshasa and a phantasmal warrior.

Vanquished Creatures
  A yaktaur captain (D:11)
  An ogre mage (D:11)
  A two-headed ogre (D:8)
  2 unseen horrors
  A manticore (D:11)
  Psyche (D:11)
  4 kobold demonologists
  A komodo dragon (D:11)
  A hornet (D:9)
  A troll (D:11)
  A hippogriff (D:11)
  Sigmund (D:4)
  A wyvern (D:9)
  16 yaks
  A hungry ghost (D:10)
  3 hogs (D:7)
  A human (D:7)
  A warg (D:11)
  2 water moccasins
  A water moccasin (shapeshifter) (D:11)
  2 sky beasts
  2 orc warriors
  A black bear (D:7)
  A necrophage (D:6)
  8 centaurs
  3 ogres
  5 big kobolds
  7 bullfrogs
  A wyvern skeleton (D:8)
  4 scorpions
  A water moccasin skeleton (D:5)
  3 killer bees (D:8)
  2 howler monkeys (D:4)
  6 crimson imps
  2 bullfrog zombies
  3 jellies
  2 centaur zombies
  6 orc priests
  3 centaur skeletons
  A gnoll shaman (D:5)
  7 hounds
  3 iguanas
  11 orc wizards
  Natasha (thrice) (D:2)
  8 worker ants
  A hound zombie (D:6)
  6 gnolls
  3 howler monkey skeletons
  12 adders
  A shadow imp (D:9)
  2 oozes
  3 adder zombies
  5 worms
  3 dart slugs
  5 leopard geckos
  28 orcs
  A ball python (D:2)
  11 bats
  A bat zombie (D:8)
  A giant cockroach (D:3)
  4 goblins
  7 hobgoblins
  8 jackals
  15 kobolds
  4 quokkas
  2 frilled lizards (D:1)
  A leopard gecko skeleton (D:6)
  11 rats
  A rat zombie (D:8)
273 creatures vanquished.

Vanquished Creatures (collateral kills)
  A two-headed ogre (D:11)
1 creature vanquished.

Grand Total: 274 creatures vanquished

Notes
Turn   | Place    | Note
-------+----------+-------------------------------------------
     0 | D:1      | MisterFreud the Gnoll Fighter began the quest for the Orb.
     0 | D:1      | Reached XP level 1. HP: 23/23 MP: 1/1
   324 | D:1      | Reached XP level 2. HP: 28/29 MP: 2/2
   364 | D:1      | You fall into a shaft and drop 1 floor!
   553 | D:2      | Reached XP level 3. HP: 33/35 MP: 3/3
   571 | D:2      | Noticed Natasha
   637 | D:2      | Killed Natasha
   637 | D:2      | Reached skill level 1 in Short Blades
   637 | D:2      | Reached skill level 1 in Axes
   637 | D:2      | Reached skill level 1 in Maces & Flails
   637 | D:2      | Reached skill level 1 in Polearms
   637 | D:2      | Reached skill level 1 in Staves
   637 | D:2      | Reached skill level 1 in Slings
   637 | D:2      | Reached skill level 1 in Bows
   637 | D:2      | Reached skill level 1 in Crossbows
   637 | D:2      | Reached skill level 1 in Throwing
   637 | D:2      | Reached skill level 1 in Dodging
   637 | D:2      | Reached skill level 1 in Stealth
   637 | D:2      | Reached skill level 1 in Unarmed Combat
   637 | D:2      | Reached skill level 1 in Spellcasting
   637 | D:2      | Reached skill level 1 in Invocations
   637 | D:2      | Reached skill level 1 in Evocations
   637 | D:2      | Reached XP level 4. HP: 19/41 MP: 5/5
   875 | D:2      | Noticed a bullfrog
   884 | D:2      | Noticed Natasha
   888 | D:2      | Killed a bullfrog
   888 | D:2      | Reached skill level 1 in Conjurations
   888 | D:2      | Reached skill level 1 in Hexes
   888 | D:2      | Reached skill level 1 in Charms
   888 | D:2      | Reached skill level 1 in Summonings
   888 | D:2      | Reached skill level 1 in Necromancy
   888 | D:2      | Reached skill level 1 in Translocations
   888 | D:2      | Reached skill level 1 in Transmutations
   888 | D:2      | Reached skill level 1 in Fire Magic
   888 | D:2      | Reached skill level 1 in Ice Magic
   888 | D:2      | Reached skill level 1 in Air Magic
   888 | D:2      | Reached skill level 1 in Earth Magic
   888 | D:2      | Reached skill level 1 in Poison Magic
   888 | D:2      | Reached XP level 5. HP: 35/47 MP: 6/6
   894 | D:2      | Killed Natasha
  1899 | D:2      | Noticed Natasha
  1908 | D:2      | Killed Natasha
  2063 | D:3      | Reached XP level 6. HP: 49/53 MP: 8/8
  2105 | D:3      | Found a shattered altar of Ashenzari.
  2534 | D:4      | Reached skill level 5 in Long Blades
  2539 | D:4      | HP: 1/53 [ogre/+0 giant club (18)]
  2843 | D:4      | Reached XP level 7. HP: 23/59 MP: 10/10
  3104 | D:3      | Became a worshipper of Ashenzari the Shackled
  3972 | D:4      | Noticed Sigmund
  4008 | D:4      | Killed Sigmund
  4008 | D:4      | Reached XP level 8. HP: 58/67 MP: 10/12
  4180 | D:4      | Reached * piety under Ashenzari
  4406 | D:4      | Found a hide-covered altar of Uskayaw.
  4703 | D:4      | Found a sacrificial altar of Ru.
  4772 | D:5      | Entered Level 5 of the Dungeon
  4810 | D:5      | Found Xiusepp's Armour Boutique.
  4891 | D:5      | Bought a scarf of spirit shield for 126 gold pieces
  5149 | D:5      | Found a runed translucent door.
  5162 | D:5      | Noticed wvc's ghost (novice DrTm)
  5823 | D:6      | Reached XP level 9. HP: 61/72 MP: 12/14
  6429 | D:6      | Reached ** piety under Ashenzari
  6595 | D:6      | Found a basalt altar of Yredelemnul.
  6617 | D:6      | Found a glowing silver altar of Zin.
  6618 | D:6      | Found an opulent altar of Gozag.
  6813 | D:7      | Found a staircase to the Ecumenical Temple.
  7121 | D:7      | Reached skill level 5 in Invocations
  7440 | D:7      | Found an ornate altar of the Wu Jian Council.
  7563 | D:7      | Reached XP level 10. HP: 71/80 MP: 14/17
  7610 | D:7      | Found an iron altar of Okawaru.
  7872 | D:8      | Reached *** piety under Ashenzari
  7943 | D:8      | Noticed a two-headed ogre
  8315 | D:8      | Killed a two-headed ogre
  8315 | D:8      | Reached skill level 5 in Short Blades
  8315 | D:8      | Reached skill level 5 in Axes
  8315 | D:8      | Reached skill level 5 in Maces & Flails
  8315 | D:8      | Reached skill level 5 in Polearms
  8315 | D:8      | Reached skill level 5 in Staves
  8315 | D:8      | Reached skill level 5 in Slings
  8315 | D:8      | Reached skill level 5 in Bows
  8315 | D:8      | Reached skill level 5 in Crossbows
  8315 | D:8      | Reached skill level 5 in Throwing
  8315 | D:8      | Reached skill level 5 in Dodging
  8315 | D:8      | Reached skill level 5 in Stealth
  8315 | D:8      | Reached skill level 5 in Unarmed Combat
  8315 | D:8      | Reached skill level 5 in Spellcasting
  8315 | D:8      | Reached skill level 5 in Evocations
  8680 | D:8      | Found an ancient bone altar of Kikubaaqudgha.
  8943 | D:9      | Paralysed by a hornet for 1 turns
 10175 | D:9      | Reached **** piety under Ashenzari
 10531 | D:8      | Reached XP level 11. HP: 66/87 MP: 16/19
 10638 | D:9      | Found a bloodstained altar of Trog.
 10699 | D:10     | Entered Level 10 of the Dungeon
 10699 | D:10     | Identified the +1 scimitar of Impermanence {drain, rN++
                  | Dex+4}
 10827 | D:10     | Found Juskepto's Jewellery Emporium.
 10892 | D:10     | Noticed an unseen horror
 10927 | D:10     | Killed an unseen horror
 10944 | D:10     | Identified the +5 quarterstaff "Utzubb" {crush, Fragile
                  | Dex+5}
 10987 | D:10     | Found Zucvuk's General Store.
 10995 | D:10     | Bought a potion of heal wounds for 75 gold pieces
 10995 | D:10     | Bought a scroll of fear for 52 gold pieces
 11008 | D:10     | Found Isiss's Antique Weapon Shoppe.
 11216 | D:10     | Found Qaezaz's Gadget Emporium.
 11306 | D:10     | Reached skill level 5 in Conjurations
 11306 | D:10     | Reached skill level 5 in Hexes
 11306 | D:10     | Reached skill level 5 in Charms
 11306 | D:10     | Reached skill level 5 in Summonings
 11306 | D:10     | Reached skill level 5 in Necromancy
 11306 | D:10     | Reached skill level 5 in Translocations
 11306 | D:10     | Reached skill level 5 in Transmutations
 11306 | D:10     | Reached skill level 5 in Fire Magic
 11306 | D:10     | Reached skill level 5 in Ice Magic
 11306 | D:10     | Reached skill level 5 in Air Magic
 11306 | D:10     | Reached skill level 5 in Earth Magic
 11306 | D:10     | Reached skill level 5 in Poison Magic
 11610 | D:10     | Reached ***** piety under Ashenzari
 11768 | D:11     | Noticed Psyche
 11783 | D:11     | Killed Psyche
 12249 | D:11     | Noticed a manticore
 12264 | D:11     | Killed a manticore
 12548 | D:11     | Noticed a manticore
 12548 | D:11     | Noticed a cyclops
 12549 | D:11     | Noticed an ogre mage
 13167 | D:11     | Noticed a two-headed ogre
 13189 | D:11     | Killed a two-headed ogre
 13204 | D:12     | Noticed an unseen horror
 13235 | D:12     | Killed an unseen horror
 13472 | D:11     | Killed an ogre mage
 13472 | D:11     | Reached XP level 12. HP: 19/96 MP: 5/22
 13917 | D:11     | Noticed a yaktaur captain
 13955 | D:11     | Killed a yaktaur captain
 13959 | D:11     | HP: 4/96 [orc warrior/+0 halberd (7)]
 14238 | D:11     | Noticed a rakshasa
 14246 | D:11     | Mangled by a phantasmal warrior

Levels and vault maps discovered:
D:1:      dpeg_arrival_round_b, layout_loops_ring, minmay_tiny_reverse_x
D:2:      layout_basic, first_ration, uniq_natasha
D:3:      layout_loops_corners, cheibrodos_ashenzari_chains
D:4:      layout_layer_cave, lemuel_doored_altar, nrook_mini_backslash,
          nicolae_ru_the_path_less_chosen, uniq_sigmund
D:5:      layout_loops_cross, serial_shops, nicolae_shop_stone,
          ebering_ghost_reflecting_pool
D:6:      layout_basic, grunt_temple_overflow_gold_and_silver,
          overflow_temple_1_default
D:7:      layout_rooms, lemuel_coloured_pillars_altar, lemuel_crystal_altar,
          temple_pool_b, grunt_livestock
D:8:      layout_gridville, lemuel_zombie_altar_kikubaaqudgha
D:9:      layout_grid_maze, lightli_temple_of_fire
D:10:     layout_basic, serial_shops, shop, shop, nicolae_shop_trees,
          nicolae_shop_temple_entry_statues_fountains
D:11:     minmay_sliced_demisemicircle, layout_long_grid,
          erik_lair_orcish_takeover, uniq_psyche
D:12:     layout_long_grid, orc_david_3

Skill      XL: |  1  2  3  4  5  6  7  8  9 10 11 |
---------------+----------------------------------+-----
Short Blades   | 1 2 3 4 5 6 |  6.9
Axes           | 1 2 3 4 5 6 |  6.9
Maces & Flails | 1 2 3 4 5 6 |  6.9
Polearms       | 1 2 3 4 5 6 |  6.9
Staves         | 1 2 3 4 5 6 |  6.9
Slings         | 1 2 3 4 5 6 |  6.9
Bows           | 1 2 3 4 5 6 |  6.9
Crossbows      | 1 2 3 4 5 6 |  6.9
Throwing       | 1 2 3 4 5 6 |  6.9
Dodging        | 1 2 3 4 5 6 |  6.9
Stealth        | 1 2 3 4 5 6 |  6.9
Unarmed Combat | 1 2 3 4 5 6 |  6.9
Spellcasting   | 1 2 3 4 5 6 |  6.9
Invocations    | 1 2 3 4 5 6 7 |  7.6
Evocations     | 1 2 3 4 5 6 |  6.9
Conjurations   | 1 2 3 4 5 |  5.7
Hexes          | 1 2 3 4 5 |  5.7
Charms         | 1 2 3 4 5 |  5.7
Summonings     | 1 2 3 4 5 |  5.7
Necromancy     | 1 2 3 4 5 |  5.7
Translocations | 1 2 3 4 5 |  5.7
Transmutations | 1 2 3 4 5 |  5.7
Fire Magic     | 1 2 3 4 5 |  5.7
Ice Magic      | 1 2 3 4 5 |  5.7
Air Magic      | 1 2 3 4 5 |  5.7
Earth Magic    | 1 2 3 4 5 |  5.7
Poison Magic   | 1 2 3 4 5 |  5.7
Long Blades    | 5 6 7 8 |  8.4
Fighting       | 7 8 9 |  9.6
Armour         | 7 8 9 |  9.6
Shields        | 7 8 9 |  9.6

Action                   |  1- 3 |  4- 6 |  7- 9 | 10-12 || total
-------------------------+-------+-------+-------+-------++-------
Melee: Dagger            |    29 |       |       |       ||    29
       Long sword        |    73 |   172 |   520 |   853 ||  1618
       Bite              |     7 |    18 |    70 |   129 ||   224
Throw: Stone             |       |       |     4 |       ||     4
Invok: Curse Item        |       |       |     2 |       ||     2
Evoke: Wand              |       |     2 |     3 |    16 ||    21
  Use: Scroll            |       |       |    10 |     5 ||    15
       Potion            |       |       |       |     5 ||     5
 Stab: Sleeping          |       |       |       |     1 ||     1
       Confused          |       |       |       |     2 ||     2
  Eat: Chunk             |       |     6 |    12 |    18 ||    36
       Ration            |       |       |     1 |     2 ||     3
Armor: Scale mail        |    43 |    50 |   132 |   190 ||   415
       Skin              |       |       |    10 |       ||    10
Dodge: Dodged            |    34 |    71 |   172 |   289 ||   566
Block: Shield            |    56 |    94 |   306 |   539 ||   995
       Rpst.: Long sword |    11 |    21 |    49 |    74 ||   155

Table legend:
 A = Non-vault XP
 B = Vault XP
 C = Vault XP percentage of total XP
 D = Non-vault monster count
 E = Vault monster count
 F = Vault count percentage of total count
                 A         B        C        D         E       F
            +---------+---------+-------+---------+---------+-------
      Total |   15993 |    4777 |  23.0 |     252 |      22 |   8.0
            +---------+---------+-------+---------+---------+-------
        D:1 |      45 |       3 |   6.2 |      26 |       2 |   7.1
        D:2 |     231 |      35 |  13.2 |      31 |       1 |   3.1
        D:3 |     174 |       0 |   0.0 |      18 |       0 |   0.0
        D:4 |     627 |     227 |  26.6 |      17 |       1 |   5.6
        D:5 |     864 |       0 |   0.0 |      29 |       0 |   0.0
        D:6 |    1084 |       0 |   0.0 |      25 |       0 |   0.0
        D:7 |     551 |     962 |  63.6 |      10 |       5 |  33.3
        D:8 |    2038 |       3 |   0.1 |      29 |       2 |   6.5
        D:9 |    2589 |       0 |   0.0 |      22 |       0 |   0.0
       D:10 |    3056 |       0 |   0.0 |      22 |       0 |   0.0
       D:11 |    3853 |    3547 |  47.9 |      20 |      11 |  35.5
       D:12 |     881 |       0 |   0.0 |       3 |       0 |   0.0
            +---------+---------+-------+---------+---------+-------
